 Dungeon Sprint DCSS version 0.28.0-53-g5a82cb258f (webtiles) character file.

Game seed: 3928680405011415204

270 Zeld the Chopper (level 6, 0/58 HPs)
             Began as a Minotaur Monk on May 24, 2022.
             Was an Initiate of Gozag.
             Slain by a merfolk
             ... wielding a +0 trident
              (5 damage)
             ... in the Dungeon (Sprint V: "Ziggurat Sprint").
             The game lasted 00:01:17 (505 turns).

Zeld the Chopper (Minotaur Monk)                     Turns: 505, Time: 00:01:17

Health: 0/58       AC: 19    Str: 30    XL:     6   Next: 1%
Magic:  5/5        EV:  3    Int:  7    God:    Gozag
Gold:   252        SH: 16    Dex: 12    Spells: 5/5 levels left

rFire   + . .      SeeInvis +   E - +14 obsidian axe {vorpal, Mesm Drain Fly SInv}
rCold   + . .      Faith    .   i - +3 tower shield
rNeg    . . .      Spirit   .   a - +5 gold dragon scales
rPois   +          Reflect  .   (helmet restricted)
rElec   .          Harm     .   (no cloak)
rCorr   .          Rampage  .   (no gloves)
Will    .....      NoTele   +   (no boots)
Stlth   ..........              (no amulet)
HPRegen 0.19/turn               y - +6 ring of strength
MPRegen 0.09/turn               z - +6 ring of strength

@: flying, mesmerised
A: horns 2, retaliatory headbutt
a: Renounce Religion, Potion Petition, Call Merchant, Bribe Branch


You were in the Dungeon.
You worshipped Gozag.
Gozag was aware of your devotion.
You visited 1 branch You collected 252 gold pieces.

Inventory:

Hand Weapons
 E - the +14 obsidian axe (weapon) {vorpal, Mesm Drain Fly SInv}
   (You found it in the Dungeon)

   It inflicts extra damage upon your enemies.
   It occasionally summons demons to assist the wielder when it strikes in
   combat.
   Its wielder is mesmerised by any visible foes.
   It cannot be unequipped while any foes are visible.
   SInv:      It lets you see invisible.
   Fly:       It grants you flight.
   Drain:     It drains your maximum health when unequipped.
Armour
 a - +5 gold dragon scales (worn)
 i - a +3 tower shield (worn)
Jewellery
 y - a +6 ring of strength (left hand)
 z - a +6 ring of strength (right hand)
Wands
 B - a wand of mindburst (7)
 C - a wand of iceblast (7)
 D - a wand of acid (7)
Scrolls
 g - 4 scrolls of blinking
 o - 4 scrolls of amnesia
 p - 7 scrolls of fog
 q - a scroll of holy word
 r - 5 scrolls of identify
 s - 2 scrolls of fear
Potions
 b - 10 potions of curing
 c - 10 potions of heal wounds
 d - 6 potions of haste
 e - 7 potions of magic
 f - 3 potions of berserk rage
 j - 2 potions of brilliance
 k - 2 potions of invisibility
 l - 4 potions of resistance
 m - a potion of experience
 n - 5 potions of might
Miscellaneous
 A - a lightning rod (4/4)


   Skills:
 + Level 6.3 Fighting
 * Level 7.5 Axes
 + Level 5.0 Armour
 + Level 5.7 Dodging
 - Level 1.5 Stealth
 + Level 4.9 Shields
 - Level 3.2 Unarmed Combat
 * Level 5.5 Evocations


You had 5 spell levels left.
You didn't know any spells.
Your spell library contained the following spells:

 Spells                   Type           Power      Damage    Failure   Level
 Tukima's Dance           Hex            0%         N/A       100%        3
 Anguish                  Hex/Necr       0%         N/A       100%        4
 Enfeeble                 Hex            0%         N/A       100%        7


Dungeon Overview and Level Annotations

Branches:
Dungeon (1/1)

Altars:
Ashenzari
Cheibriados
Dithmenos
Elyvilon
Fedhas
Gozag
Hepliaklqana
Kikubaaqudgha
Makhleb
Nemelex Xobeh
Okawaru
Qazlal
Ru
Sif Muna
Trog
Uskayaw
Vehumet
Wu Jian
Xom
Yredelemnul
Zin
The Shining One
Beogh
Jiyva
Lugonu

Annotations:
D 1 transporter


Innate Abilities, Weirdness & Mutations

You have a pair of horns on your head.
You reflexively headbutt those who attack you in melee.


Message History

The merfolk throws a boomerang.
The boomerang hits you but does no damage.
Found four items.
Found a transporter.
Visions of slaying the merfolk flood into your mind.
You block the merfolk's attack.
The merfolk hits you but does no damage.
Unknown command.
Unknown command.
The merfolk hits you with a +0 trident. You block the merfolk's attack.
The merfolk hits you with a +0 trident. You block the merfolk's attack.
Unknown command.
You hit the merfolk.
The merfolk is lightly wounded.
You slash the merfolk! x2
Visions of slaying the merfolk flood into your mind.
You block the merfolk's attack. The merfolk barely misses you. x2
The merfolk hits you with a +0 trident. You block the merfolk's attack. x2
Unknown command.
You hit the merfolk.
The merfolk is heavily wounded.
You closely miss the merfolk. x2; You block the merfolk's attack.
The merfolk hits you with a +0 trident!
The merfolk hits you but does no damage.
The merfolk hits you from afar with a +0 trident.
The merfolk hits you with a +0 trident!
The merfolk hits you but does no damage.
You are too injured to fight recklessly!
Unknown command.
You are too injured to fight recklessly!
Unknown command.
You are too injured to fight recklessly!
You slash the merfolk!
The merfolk is almost dead.
You slash the merfolk! You slice the merfolk!! The merfolk barely misses you.
The merfolk hits you but does no damage.
You block the merfolk's attack. The merfolk hits you with a +0 trident!
* * * LOW HITPOINT WARNING * * *
The merfolk hits you with a +0 trident.
You die...
Your body crumbles into a pile of gold.

▓▓▓▓▓▓▓▓▓▓▓▓▓▓▓▓▓▓▓
▓.8©8.▓.8©8.▓.8©8.▓
▓.}[=.▓.[.[.▓.....▓
▓.."m.▓.....▓.).).▓
▓.mmm.▓.....▓.....▓
▓..@..▓.....▓.....▓
▓.....▓.....▓..©..▓
▓..©..▓..©..▓▓▓▓▓▓▓
▓▓▓▓▓▓▓▓▓▓▓▓▓


You could see 4 merfolk.

Vanquished Creatures
  A tarantella (D)
  A scorpion (D)
  An ufetubus (D)
  An adder skeleton (D)
  A quokka zombie (D)
5 creatures vanquished.

Notes
Turn   | Place    | Note
-------+----------+-------------------------------------------
     0 | D        | Zeld the Minotaur Monk began the quest for the Orb.
     0 | D        | Reached XP level 1. HP: 19/19 MP: 0/0
     0 | D        | Banished a spatial maelstrom
     3 | D        | Found a blossoming altar of Fedhas.
     3 | D        | Found the +6 Majin-Bo {vamp, MP+6 Int+6}
     3 | D        | Found the +9 heavy crossbow "Sniper" {vorpal, Acc+∞ SInv}
     3 | D        | Found the +10 dark maul {vorpal}
     3 | D        | Found the +15 Maxwell's patent armour {-Cast -Tele rElec
                  | Will+ rCorr}
     3 | D        | Found the +18 shield of the Gong {rElec rN+ Will+ EV-5}
     3 | D        | Found the +14 obsidian axe {vorpal, Mesm Drain Fly SInv}
     3 | D        | Found the +7 great mace "Firestarter" {inner flame, rF++}
     3 | D        | Found the +6 shillelagh "Devastator" {shatter}
     3 | D        | Found the +11 plutonium sword {Contam Stlth-}
     3 | D        | Found the +8 lance "Wyrmbane" {slay drac, rPois rF+ rC+
                  | AC+3}
     3 | D        | Found the +9 sword of Zonguldrok {reap}
     3 | D        | Found the +13 scythe of Curses {drain, Drain}
     3 | D        | Found the +5 sword of Power {vorpal}
     3 | D        | Found the +7 mace of Variability {chain chaos}
     3 | D        | Found the +7 Singing Sword {vorpal, sonic wave}
     3 | D        | Found the +8 storm bow {elec, penet}
     5 | D        | Found a viscous altar of Jiyva.
     5 | D        | Found a hazy altar of Hepliaklqana.
     5 | D        | Found a transporter.
     5 | D        | Found an opulent altar of Gozag.
     5 | D        | Found an ancient bone altar of Kikubaaqudgha.
     5 | D        | Found a corrupted altar of Lugonu.
     8 | D        | Found a burning altar of Makhleb.
    11 | D        | Found a shimmering blue altar of Sif Muna.
    11 | D        | Found a sacrificial altar of Ru.
    11 | D        | Found a bloodstained altar of Trog.
    11 | D        | Found a stormy altar of Qazlal.
    11 | D        | Found an iron altar of Okawaru.
    11 | D        | Found a sparkling altar of Nemelex Xobeh.
    48 | D        | Became a worshipper of Gozag Ym Sagoz the Greedy
   261 | D        | Entered arena 2.
   261 | D        | Noticed a scorpion
   261 | D        | Noticed a tarantella
   261 | D        | Found a transporter.
   263 | D        | Killed a tarantella
   264 | D        | Reached skill level 6 in Axes
   264 | D        | Reached skill level 5 in Dodging
   264 | D        | Reached skill level 5 in Evocations
   264 | D        | Reached XP level 2. HP: 18/30 MP: 1/1
   264 | D        | Reached XP level 3. HP: 23/37 MP: 2/2
   264 | D        | Reached XP level 4. HP: 27/44 MP: 3/3
   264 | D        | Reached XP level 5. HP: 31/50 MP: 4/4
   267 | D        | Reached skill level 7 in Axes
   481 | D        | Entered arena 3.
   481 | D        | Found a transporter.
   484 | D        | Reached XP level 6. HP: 58/58 MP: 5/5
   485 | D        | Reached skill level 5 in Armour
   500 | D        | Entered arena 4.
   500 | D        | Found the dreamshard necklace {*Dream Drain}
   500 | D        | Noticed a merfolk
   500 | D        | Noticed a merfolk
   500 | D        | Noticed a merfolk
   500 | D        | Noticed a merfolk
   500 | D        | Found a transporter.
   505 | D        | Slain by a merfolk

Illustrated notes

Levels and vault maps discovered:
D:        sprint_v [room_start, room_1, room_2, room_3, room_4, room_5, room_6,
          room_7, room_8, room_9, room_10, room_11, room_12, room_13, room_14,
          room_15, room_16, room_17, room_18, room_19, room_20, room_21,
          room_22, room_23, room_24, room_25, room_26, room_27]

Skill      XL: |  1  2  3  4  5  6 |
---------------+-------------------+-----
Fighting       | 6 |  6.3
Axes           | 6 7 |  7.5
Armour         | 4 5 |  5.0
Dodging        | 5 |  5.7
Shields        | 4 |  4.9
Evocations     | 5 |  5.5
Stealth        | |  1.5
Unarmed Combat | |  3.2

Action                   |  1- 3 |  4- 6 || total
-------------------------+-------+-------++-------
Melee: Broad axe         |     2 |     9 ||    11
Armor: Gold dragon scale |     1 |     6 ||     7
Dodge: Dodged            |       |     3 ||     3
Block: Tower shield      |     2 |    14 ||    16
